Workbook
Name CEPCI: 'Costo COM'!$E$4

Sheet servicios industriales CUT
B1: EQUIPOS CON CONSUMO DE AGUA DE ENFRIAMIENTO COMO SERVICIO INDUSTRIAL | J1: Valor promedio | K1: =AVERAGE(J4:R4) -> 3959.9889
M2: Con valor final de cada mes
J3: Enero | K3: Febrero | L3: Marzo | M3: Abril | N3: Mayo | O3: Junio | P3: Julio | Q3: Agosto | R3: Septiembre
J4: 3822.05 | K4: 3915.56 | L4: 3931.31 | M4: 3842.3 | N4: 3899.07 | O4: 3860.92 | P4: 4148.04 | Q4: 4060.34 | R4: 4160.31
B5: Intercambiadores | C5: Coldwater [m3/hora] | D5: Coldwater [m3/año] | E5: [USD/m3] | F5: Factor de Penalización | G5: [USD/Año] | H5: [COP/Año]
J6: Valor Agua 2021
B7: E-101 | C7: 50 | D7: =C7*24*365 -> 438000 | E7: =K13 -> 1.118458 | F7: 1.05 | G7: =D7*E7*F7 -> 514378.83 | H7: =K1*G7 -> 2.0369345e+09 | J7: 3856
B8: Costo Total | C8: =SUM(C7) -> 50 | D8: =SUM(D7) -> 438000 | E8: =E7 -> 1.118458 | F8: - | G8: =SUM(G7) -> 514378.83 | H8: =SUM(H7) -> 2.0369345e+09 | J8: =J7/K1 -> 0.97374011 | K8: Dolares
J10: Cepci 2021 | K10: 699.97
J11: Cepci 2024 | K11: 804
J13: Valor 2024 | K13: =(J8)*(K11/K10) -> 1.118458
B17: EQUIPOS CON CONSUMO DE ENERGIA COMO SERVICIO INDUSTRIAL
B20: Intercambiador | C20: [MW]/hr | D20: [USD/MWH] | E20: [USD]/Hr | F20: [USD/Año] | G20: [COP/Año]
B22: E-102 | C22: 11.33 | D22: ='Materia Prima CMR'!C15*0.01 -> 9.9602 | E22: =C22*D22 -> 112.84907 | F22: =E22*(354/24) -> 1664.5237 | G22: =F22*K1 -> 6591495.5
B29: TOTAL | C29: =SUM(C22:C28) -> 11.33 | D29: =SUM(D22:D28) -> 9.9602 | E29: - | F29: =SUM(F22:F28) -> 1664.5237 | G29: =SUM(G22:G28) -> 6591495.5
E33: CUT TOTAL [COP/AÑO] | G33: =G29+H8 -> 2.043526e+09
E35: CUT TOTAL [USD/AÑO] | G35: =G33/K1 -> 516043.36
G38: 2.043526e+09

Sheet Mano de Obra
B1: Calculo Operarios
B2: EQUIPOS | G2: PERSONAL DE TRABAJO | Q2: Precio dólar | R2: ='servicios industriales CUT'!K1 -> 3959.9889
B3: Equipos | C3: Numero eq | D3: Factor Und | E3: Factor Total | G3: Cargo | I3: # personas | J3: Salario base por persona [COP] | K3: Salario base [COP] | L3: Auxilios y otros [COP] | M3: Salario total mensual [COP] | N3: Salario total anual [COP] | O3: Salario total anual [USD]
B4: Gasificador | C4: 1 | D4: 0.5 | E4: =C4*D4 -> 0.5
B5: Bombba (FAN) | C5: 1 | D5: 0.35 | E5: =C5*D5 -> 0.35 | G5: Contador | I5: 1 | J5: =C26 -> 2181785 | K5: =I5*J5 -> 2181785 | L5: =I5*SUM(C27:C35) -> 1022282.6 | M5: =SUM(K5:L5) -> 3204067.6 | N5: =12*M5 -> 38448812 | O5: =N5/$R$2 -> 9709.3231
B6: Turbina | C6: 1 | D6: 0.35 | E6: =C6*D6 -> 0.35 | G6: Abogado | I6: 1 | J6: =E26 -> 2484337 | K6: =I6*J6 -> 2484337 | L6: =I6*SUM(E27:E35) -> 1164044.4 | M6: =SUM(J6:L6) -> 6132718.4 | N6: =12*M6 -> 73592621 | O6: =N6/$R$2 -> 18584.047
B7: Ciclon | C7: 1 | D7: 0.15 | E7: =C7*D7 -> 0.15 | G7: Encargadas del aseo | I7: 3 | J7: =G26 -> 1000000 | K7: =I7*J7 -> 3000000 | L7: =I7*SUM(G27:G35) -> 1819284.2 | M7: =SUM(J7:L7) -> 5819284.2 | N7: =12*M7 -> 69831411 | O7: =N7/$R$2 -> 17634.244
B8: Intercambiador | C8: 2 | D8: 0.1 | E8: =C8*D8 -> 0.2 | G8: Celadores | I8: 4 | J8: =G26 -> 1000000 | K8: =I8*J8 -> 4000000 | L8: =I8*SUM(G27:G35) -> 2425712.3 | M8: =SUM(J8:L8) -> 7425712.3 | N8: =12*M8 -> 89108548 | O8: =N8/$R$2 -> 22502.222
B9: Total | C9: =SUM(C4:C8) -> 6 | E9: =SUM(E4:E8) -> 1.55 | G9: Laboratorista | I9: 1 | J9: =I26 -> 3652801 | K9: =I9*J9 -> 3652801 | L9: =I9*SUM(I27:I35) -> 1711532.1 | M9: =SUM(J9:L9) -> 9017134.1 | N9: =12*M9 -> 1.0820561e+08 | O9: =N9/$R$2 -> 27324.725
G10: Secretaria | I10: 1 | J10: =G26 -> 1000000 | K10: =I10*J10 -> 1000000 | L10: =I10*SUM(G27:G35) -> 606428.07 | M10: =SUM(J10:L10) -> 2606428.1 | N10: =12*M10 -> 31277137 | O10: =N10/$R$2 -> 7898.2891
G11: Gerente | I11: 1 | J11: =K26 -> 4549475 | K11: =I11*J11 -> 4549475 | L11: =I11*SUM(K27:K35) -> 2131671.7 | M11: =SUM(J11:L11) -> 11230622 | N11: =12*M11 -> 1.3476746e+08 | O11: =N11/$R$2 -> 34032.282
G12: Sub gerente | I12: 1 | J12: =M26 -> 3652801 | K12: =I12*J12 -> 3652801 | L12: =I12*SUM(M27:M35) -> 1711532.1 | M12: =SUM(J12:L12) -> 9017134.1 | N12: =12*M12 -> 1.0820561e+08 | O12: =N12/$R$2 -> 27324.725
B13: Operarios/año | C13: 3.65 | G13: Operarios | I13: =D14 -> 5 | J13: =O26 -> 1538527 | K13: =I13*J13 -> 7692635 | L13: =I13*SUM(O27:O35) -> 4588257.5 | M13: =SUM(J13:L13) -> 13819420 | N13: =12*M13 -> 1.6583303e+08 | O13: =N13/$R$2 -> 41877.146
B14: Operarios totales | C14: =C13*E9 -> 5.6575 | D14: =INT(C14) -> 5 | G14: TOTAL | I14: =SUM(I5:I13) -> 18 | J14: =SUM(J5:J13) -> 21059726 | K14: =SUM(K5:K13) -> 32213834 | L14: =SUM(L5:L13) -> 17180745 | M14: =SUM(M5:M13) -> 68272520 | N14: =SUM(N5:N13) -> 8.1927024e+08 | O14: =SUM(O5:O13) -> 206887
B25: Contador | D25: Abogado | F25: Encargadas del aseo/Celador/Secretaria | H25: Laboratorista | J25: Gerente | L25: Sub-gerente | N25: Operarios
B26: Salario base | C26: 2181785 | D26: Salario base | E26: 2484337 | F26: Salario base | G26: 1000000 | H26: Salario base | I26: 3652801 | J26: Salario base | K26: 4549475 | L26: Salario base | M26: 3652801 | N26: Salario base | O26: 1538527
B27: Salud obligatoria | C27: =C26*0.085 -> 185451.73 | D27: Salud obligatoria | E27: =E26*0.085 -> 211168.65 | F27: Salud obligatoria | G27: =G26*0.085 -> 85000 | H27: Salud obligatoria | I27: =I26*0.085 -> 310488.09 | J27: Salud obligatoria | K27: =K26*0.085 -> 386705.38 | L27: Salud obligatoria | M27: =M26*0.085 -> 310488.09 | N27: Salud obligatoria | O27: =O26*0.085 -> 130774.8
B28: Pensión obligatoria | C28: =C26*0.12 -> 261814.2 | D28: Pensión obligatoria | E28: =E26*0.12 -> 298120.44 | F28: Pensión obligatoria | G28: =G26*0.12 -> 120000 | H28: Pensión obligatoria | I28: =I26*0.12 -> 438336.12 | J28: Pensión obligatoria | K28: =K26*0.12 -> 545937 | L28: Pensión obligatoria | M28: =M26*0.12 -> 438336.12 | N28: Pensión obligatoria | O28: =O26*0.12 -> 184623.24
B29: Caja de compensación | C29: =C26*0.04 -> 87271.4 | D29: Caja de compensación | E29: =E26*0.04 -> 99373.48 | F29: Caja de compensación | G29: =G26*0.04 -> 40000 | H29: Caja de compensación | I29: =I26*0.04 -> 146112.04 | J29: Caja de compensación | K29: =K26*0.04 -> 181979 | L29: Caja de compensación | M29: =M26*0.04 -> 146112.04 | N29: Caja de compensación | O29: =O26*0.04 -> 61541.08
B30: ARL | C30: =C26*0.00522 -> 11388.918 | D30: ARL | E30: =E26*0.00522 -> 12968.239 | F30: ARL | G30: =G26*0.00522 -> 5220 | H30: ARL | I30: =I26*0.00522 -> 19067.621 | J30: ARL | K30: =K26*0.00522 -> 23748.26 | L30: ARL | M30: =M26*0.00522 -> 19067.621 | N30: ARL | O30: =O26*0.0435 -> 66925.924
B31: Subsidio de transporte | C31: 0 | D31: Subsidio de transporte | E31: 0 | F31: Subsidio de transporte | G31: 117174 | H31: Subsidio de transporte | I31: 0 | J31: Subsidio de transporte | K31: 0 | L31: Subsidio de transporte | M31: 0 | N31: Subsidio de transporte | O31: 117174
B32: Vacaciones | C32: =(C26/2)/12 -> 90907.708 | D32: Vacaciones | E32: =(E26/2)/12 -> 103514.04 | F32: Vacaciones | G32: =(G26/2)/12 -> 41666.667 | H32: Vacaciones | I32: =(I26/2)/12 -> 152200.04 | J32: Vacaciones | K32: =(K26/2)/12 -> 189561.46 | L32: Vacaciones | M32: =(M26/2)/12 -> 152200.04 | N32: Vacaciones | O32: =(O26/2)/12 -> 64105.292
B33: Prima de servicios | C33: =(C26+C31)/12 -> 181815.42 | D33: Prima de servicios | E33: =(E26+E31)/12 -> 207028.08 | F33: Prima de servicios | G33: =(G26+G31)/12 -> 93097.833 | H33: Prima de servicios | I33: =(I26+I31)/12 -> 304400.08 | J33: Prima de servicios | K33: =(K26+K31)/12 -> 379122.92 | L33: Prima de servicios | M33: =(M26+M31)/12 -> 304400.08 | N33: Prima de servicios | O33: =(O26+O31)/12 -> 137975.08
B34: Cesantías | C34: =C33 -> 181815.42 | D34: Cesantías | E34: =E33 -> 207028.08 | F34: Cesantías | G34: =G33 -> 93097.833 | H34: Cesantías | I34: =I33 -> 304400.08 | J34: Cesantías | K34: =K33 -> 379122.92 | L34: Cesantías | M34: =M33 -> 304400.08 | N34: Cesantías | O34: =O33 -> 137975.08
B35: Intereses sobre cesantías | C35: =(C26+C31)*0.01 -> 21817.85 | D35: Intereses sobre cesantías | E35: =(E26+E31)*0.01 -> 24843.37 | F35: Intereses sobre cesantías | G35: =(G26+G31)*0.01 -> 11171.74 | H35: Intereses sobre cesantías | I35: =(I26+I31)*0.01 -> 36528.01 | J35: Intereses sobre cesantías | K35: =(K26+K31)*0.01 -> 45494.75 | L35: Intereses sobre cesantías | M35: =(M26+M31)*0.01 -> 36528.01 | N35: Intereses sobre cesantías | O35: =(O26+O31)*0.01 -> 16557.01
B36: Total | C36: =SUM(C26:C35) -> 3204067.6 | D36: Total | E36: =SUM(E26:E35) -> 3648381.4 | F36: Total | G36: =SUM(G26:G35) -> 1606428.1 | H36: Total | I36: =SUM(I26:I35) -> 5364333.1 | J36: Total | K36: =SUM(K26:K35) -> 6681146.7 | L36: Total | M36: =SUM(M26:M35) -> 5364333.1 | N36: Total | O36: =SUM(O26:O35) -> 2456178.5

Sheet Materia Prima CMR
H1: Residuos Platicos | K1: Vapor de Agua Como Agente Gasificanmte | O1: Energía Electrica | R1: 1 dólar | S1: ='servicios industriales CUT'!K1 -> 3959.9889
B3: Compras de materia prima | H3: Cepci 2021 | I3: 699.97 | K3: Valor ton | L3: 2338.97 | O3: Valor 2024 | P3: 996.02
B4: SUSTANCIAS | C4: [COP/Kg] | D4: [Kg/Año] | E4: Total [COP/Año] | F4: Total USD/año | H4: Valor 2021 | I4: 773 | K4: Valor Kg | L4: =L3/1000 -> 2.33897 | O4: Dólar | P4: =P3/S$1 -> 0.25152091
B5: Residuos Plasticos | C5: =I7 -> 883.46643 | D5: =H14 -> 87600 | E5: =C5*D5 -> 77391660 | F5: =E5/S$1 -> 19543.403 | K5: Valor Cop | L5: =L4*S$1 -> 9262.2952
B6: Aire | C6: 0 | D6: =C6*(24)*(365) -> 0 | E6: =C6*D6 -> 0 | F6: =E6/S1 -> 0 | H6: Cepci 2024 | I6: 800 | O6: Cantidad de EE Producida
B7: Vapor de Agua | C7: =L5 -> 9262.2952 | D7: =K9 -> 131400 | E7: =D7*C7 -> 1.2170656e+09 | F7: =E7/S$1 -> 307340.66 | H7: Valor 2024 | I7: =(I4)*(I6/I3) -> 883.46643 | K7: Cantidad de Vapor Requerida K
B8: TOTAL Agente Gasificante Aire | E8: =SUM(E5:E8) -> 0 | F8: =F5+F6 -> 19543.403 | O8: 640000
B9: TOTAL Agente Gasificante Agua | E9: =E5+E7 -> 1.2944573e+09 | F9: =F5+F7 -> 326884.06 | K9: =H14*1.5 -> 131400
H10: Dólar | I10: =I7/S1 -> 0.22309821
H12: Cantidad de RP a tratar KG/AÑO
B13: Productos a vender
B14: SUSTANCIAS | C14: [kWatt/h] | D14: [kWatt/Año] | E14: Total [COP/Año] | F14: Total USD/año | H14: 87600
B15: Energía Electrica Generada | C15: =P3 -> 996.02 | D15: =O8 -> 640000 | E15: =C15*D15 -> 637452800 | F15: =E15/S1 -> 160973.38
B16: TOTAL | E16: =E15 -> 637452800 | F16: =F15 -> 160973.38
E18: Total a ganar 1 | F18: =F16 -> 160973.38
E21: Ganancia obtenida1 | F21: =F18-F8 -> 141429.98
E22: Ganancia obtenida2 | F22: =F18-F9 -> -165910.68
G27: Residuos Plásticos | L27: Agente Gasificannte

Sheet Costo COM
A1: Precio dólar | B1: ='servicios industriales CUT'!K1 -> 3959.9889
C3: Agente Gasificador AIRE | G3: Agente Gasificador AGUA
C4: Gastos operativos (OPEX) | G4: Gastos operativos (OPEX) | L4: Gastos de capital (CAPEX)
C5: Variable | D5: USD/año | E5: COP/año | G5: Variable | H5: USD/año | I5: COP/año | L5: Equipo | M5: USD/año
C6: Mano de obra (COL) | D6: ='Mano de Obra'!O14 -> 206887 | E6: ='Mano de Obra'!N14 -> 8.1927024e+08 | G6: Mano de obra (COL) | H6: =D6 -> 206887 | I6: =E6 -> 8.1927024e+08 | L6: Gasificador | M6: 1660000
C7: Servicios Industriales(CUT) | D7: ='servicios industriales CUT'!G35 -> 516043.36 | E7: ='servicios industriales CUT'!G33 -> 2.043526e+09 | G7: Servicios Industriales(CUT) | H7: =D7 -> 516043.36 | I7: =E7 -> 2.043526e+09 | L7: Bombba (FAN) | M7: 57000
C8: Materia prima (CRM) | D8: ='Materia Prima CMR'!F8 -> 19543.403 | E8: =D8*'Mano de Obra'!R2 -> 77391660 | G8: Materia prima (CRM) | H8: ='Materia Prima CMR'!F9 -> 326884.06 | I8: =H8*'Mano de Obra'!R2 -> 1.2944573e+09 | L8: Turbina | M8: 1060000
C9: Total | D9: =SUM(D6:D8) -> 742473.77 | E9: =SUM(E6:E8) -> 2.9401879e+09 | G9: Total | H9: =SUM(H6:H8) -> 1049814.4 | I9: =SUM(I6:I8) -> 4.1572535e+09 | L9: Ciclón | M9: 12900
L10: Intercambiador | M10: 103000
C11: CALCULO DE COM | L11: Intercambiador | M11: 145000
L12: TOTAL FIC | M12: =SUM(M6:M11) -> 3037900
C16: Costo economico de la planta | G16: Costo economico de la planta
C17: COM | D17: =(0.28*M12)+(2.73*D6)+1.23*(D7+D8) -> 2074185.2 | G17: COM | H17: =(0.28*M12)+(2.73*H6)+1.23*(H7+H8) -> 2452214.2
C19: Gastos totales | G19: Gastos totales
C20: Gastos de capital (CAPEX) | D20: =M12 -> 3037900 | G20: Gastos de capital (CAPEX) | H20: =M12 -> 3037900
C21: Gastos de operación (OPEX) | D21: =D17 -> 2074185.2 | G21: Gastos de operación (OPEX) | H21: =H17 -> 2452214.2
C22: Total | D22: =SUM(D20:D21) -> 5112085.2 | G22: Total | H22: =SUM(H20:H21) -> 5490114.2

Sheet Graficas de opex y capex
B2: Gastos operativos (OPEX) | G2: Total Capex
B3: Concepto | C3: USD/año | D3: Porcentaje | G3: Equipo | H3: USD/año | I3: Porcentaje
B4: COL | C4: ='Costo COM'!D6 -> 206887 | D4: =C4/$C$7*100 -> 27.864554 | G4: Gasificador | H4: 1660000 | I4: =(H4/H10)*100 -> 54.64301
B5: CUT | C5: ='Costo COM'!D7 -> 516043.36 | D5: =C5/$C$7*100 -> 69.503245 | G5: Bombba (FAN) | H5: 57000 | I5: =(H5/H10)*100 -> 1.8762961
B6: CRM | C6: ='Costo COM'!D8 -> 19543.403 | D6: =C6/$C$7*100 -> 2.6322012 | G6: Turbina | H6: 1060000 | I6: =(H6/H10)*100 -> 34.892524
B7: Total | C7: =SUM(C4:C6) -> 742473.77 | D7: =SUM(D4:D6) -> 100 | G7: Ciclón | H7: 12900 | I7: =(H7/H10)*100 -> 0.42463544
G8: Intercambiadores | H8: ='Costo COM'!M10+'Costo COM'!M11 -> 248000 | I8: =(H8/H10)*100 -> 8.163534
G10: Total | H10: =SUM(H4:H8) -> 3037900 | I10: =SUM(I4:I8) -> 100
B41: Materia Prima
B42: Sustancias | C42: Total USD/año | D42: Porcentaje
B43: Residuos Plasticos | C43: ='Materia Prima CMR'!D5 -> 87600 | D43: =(C43/$C$46)*100 -> 100
B44: Aire | C44: 0 | D44: =(C44/$C$46)*100 -> 0
B46: Total | C46: =SUM(C43:C44) -> 87600 | D46: =SUM(D43:D44) -> 100
